 Dungeon Crawl Stone Soup version 0.28-a0-1234-g826d19b2e0 (webtiles) character file.

Game seed: 2938784114152003414

4186 kipponium the Basher (level 10, -12/82 HPs)
             Began as a Gnoll Cinder Acolyte on Dec 23, 2021.
             Was an Elder of Ignis.
             Mangled by a swamp worm (19 damage)
             ... on level 7 of the Dungeon.
             The game lasted 00:25:41 (9737 turns).

kipponium the Basher (Gnoll Cinder Acolyte)         Turns: 9737, Time: 00:25:42

Health: -12/82     AC:  5    Str: 14    XL:     10   Next: 29%
Magic:  9/18       EV: 13    Int: 18    God:    Ignis [****..]
Gold:   413        SH:  0    Dex:  9    Spells: 11/20 levels left

rFire   + + +      SeeInvis .   c - +5 whip (elec)
rCold   . . .      Faith    .   (no shield)
rNeg    + . .      Spirit   .   b - +0 robe
rPois   .          Reflect  .   (no helmet)
rElec   .          Harm     .   n - +1 cloak
rCorr   .          Rampage  .   (no gloves)
Will    .....                   k - +0 pair of boots
Stlth   +++.......              (no amulet)
HPRegen 0.23/turn               j - ring of wizardry
MPRegen 0.16/turn               x - ring "Parolao" {rF++ rN+ Int+2}

@: about to teleport
A: fangs 1, strong nose, distributed training
a: Renounce Religion, Fiery Armour, Foxfire Swarm, Rising Flame


You were on level 7 of the Dungeon.
You worshipped Ignis.
Ignis was greatly pleased with you.
You visited 1 branch of the dungeon, and saw 7 of its levels.
You also visited: Ossuary.

You collected 427 gold pieces.
You spent 14 gold pieces at shops.

Inventory:

Hand Weapons
 a - a -1 mace of flaming
 c - a +5 whip of electrocution (weapon)
Missiles
 e - 24 poisoned darts (quivered)
Armour
 b - a +0 robe (worn)
 k - a +0 pair of boots (worn)
 n - a +1 cloak (worn)
 y - a +1 kite shield of positive energy
Jewellery
 j - a ring of wizardry (left hand)
 v - a ring of resist corrosion
 x - the ring "Parolao" (right hand) {rF++ rN+ Int+2}
   (You found it on level 6 of the Dungeon)

   [ring of positive energy]

   Int:       It affects your intelligence (+2).
   rF:        It greatly protects you from fire.
   rN:        It protects you from negative energy.
 C - a ring of positive energy
Wands
 o - a wand of iceblast (7)
 B - a wand of paralysis (23)
 D - a wand of charming (7)
Scrolls
 g - 2 scrolls of teleportation
 h - a scroll of enchant armour {unknown}
 m - 2 scrolls of immolation
 q - 2 scrolls of blinking {unknown}
 s - a scroll of fog {unknown}
 u - 2 scrolls of fear {unknown}
 w - 2 scrolls of amnesia {unknown}
Potions
 d - 6 potions of curing
 f - a potion of magic
 i - a potion of might
 l - 3 potions of heal wounds {unknown}
 p - 3 potions of flight {unknown}
 r - 2 potions of haste {unknown}
 t - a potion of lignification
 z - 2 potions of brilliance
 A - a potion of attraction


   Skills:
 + Level 8.4 Fighting
 + Level 5.1 Short Blades
 + Level 5.1 Long Blades
 + Level 5.1 Axes
 + Level 8.4 Maces & Flails
 + Level 5.1 Polearms
 + Level 5.1 Staves
 + Level 5.1 Slings
 + Level 5.1 Bows
 + Level 5.1 Crossbows
 + Level 5.1 Throwing
 + Level 5.1 Armour
 + Level 5.1 Dodging
 + Level 5.1 Stealth
 + Level 5.1 Shields
 + Level 5.1 Unarmed Combat
 + Level 5.9 Spellcasting
 + Level 4.2 Conjurations
 + Level 4.2 Hexes
 + Level 4.2 Summonings
 + Level 4.2 Necromancy
 + Level 4.2 Translocations
 + Level 4.2 Transmutations
 + Level 7.0 Fire Magic
 + Level 4.2 Ice Magic
 + Level 4.2 Air Magic
 + Level 4.2 Earth Magic
 + Level 4.2 Poison Magic
 + Level 5.6 Invocations
 + Level 5.1 Evocations


You had 11 spell levels left.
You knew the following spells:

 Your Spells              Type           Power      Damage    Failure   Level
a - Scorch                Fire           60%        2d8       1%          2
b - Olgreb's Toxic Radia  Pois           20%        N/A       9%          4
c - Dazzling Flash        Conj/Hex       40%        N/A       2%          3

Your spell library contained the following spells:

 Spells                   Type           Power      Damage    Failure   Level
 Sandblast                Erth           40%        2d10      1%          1
 Sting                    Tmut/Pois      80%        1d7       1%          1
 Passwall                 Tmut/Erth      16%        N/A       1%          2
 Poisonous Vapours        Pois/Air       40%        N/A       1%          2
 Stone Arrow              Conj/Erth      40%        3d9       2%          3
 Agony                    Necr           20%        N/A       24%         5
 Silence                  Hex/Air        10%        N/A       24%         5


Dungeon Overview and Level Annotations

Branches:
Dungeon (7/15)             Temple (0/1) D:5         Ossuary (visited)

Altars:
Elyvilon
Hepliaklqana
Uskayaw
Vehumet
Wu Jian

Shops:
D:3 ?:[[!   D:5 (


Innate Abilities, Weirdness & Mutations

You have very sharp teeth.
Your uncanny sense of smell can sniff out nearby items.
Your experience applies equally to all skills.


Message History

The foxfire hits the cyclops.
The cyclops is heavily wounded.
The foxfire hits the cyclops but does no damage.
The cyclops is heavily wounded.
The foxfire hits the cyclops but does no damage.
The cyclops is heavily wounded.
You see here an ugly thing corpse.
Casting: Scorch (safe; 1% risk of failure)
Confirm with . or Enter, or press ? or * to list all spells.
Flames lash the cyclops.
The cyclops is heavily wounded.
The cyclops's fire resistance burns away.
The swamp worm fires a harpoon shot at you.
The harpoon shot hits you!
You are yanked forward by the harpoon shot.
The swamp worm barely misses you.
You hit the swamp worm.
The swamp worm is lightly wounded.
Casting: Scorch (safe; 1% risk of failure)
Confirm with . or Enter, or press ? or * to list all spells.
Flames lash the swamp worm.
The swamp worm is moderately wounded.
The swamp worm's fire resistance burns away.
The swamp worm bites you!! The swamp worm completely misses you.
Casting: Scorch (safe; 1% risk of failure)
Confirm with . or Enter, or press ? or * to list all spells.
Flames lash the swamp worm.
The swamp worm is burned terribly!
The swamp worm is moderately wounded.
The swamp worm bites you!!
* * * LOW HITPOINT WARNING * * *
Unknown command.
As you read the scroll of teleportation, it crumbles to dust.
You feel strangely unstable.
The cyclops is no longer more vulnerable to fire.
The swamp worm bites you!
* * * LOW HITPOINT WARNING * * *
You feel better.
The swamp worm is no longer more vulnerable to fire.
The swamp worm bites you!!
You die...

♣.#)#..# ♣ ♣#.....#
♣.#.#).# #..)..####
♣.#C##C## #........#
..#.....# #.....##.#
..#.♣♣♣.# #.C†...#.#
♣.#.....# #.<....#.#
###############........#
.................###.###
................@#
#.#####
##.###.###.#.#.[w#
#.....#
#.###.###.#.#.#.#
#.#####
##)....#.........# ###
..[........###.###
############ #.# ..≈
#≈≈≈ #≈


You could see a cyclops and a swamp worm.

Vanquished Creatures
  A two-headed ogre (D:7)
  An ugly thing (D:7)
  Prince Ribbit (D:6)
  A vampire mosquito (D:7)
  Menkaure (Ossuary)
  A water moccasin (D:7)
  An orc warrior (D:7)
  A sky beast (D:7)
  3 black bears
  A necrophage (D:3)
  An ice beast (D:5)
  A centaur (D:5)
  2 ogres (D:6)
  Blork the orc (D:4)
  A bullfrog (D:7)
  A wyvern zombie (D:7)
  2 gnoll sergeants (D:5)
  2 scorpions (D:6)
  A water moccasin zombie (D:7)
  5 wights
  5 centaur zombies
  4 orc priests
  A bullfrog skeleton (D:7)
  A hound (D:4)
  3 bullfrog zombies
  2 jellies
  A gnoll shaman (D:4)
  Jessica (D:2)
  An orc wizard (D:4)
  Ijyb (D:4)
  Natasha (thrice) (D:4)
  4 iguanas
  An ogre zombie (Ossuary)
  A hound skeleton (D:4)
  6 mummies (Ossuary)
  3 adders
  12 gnolls
  A shadow imp (D:6)
  An ufetubus (D:5)
  2 adder zombies (Ossuary)
  2 dart slugs (D:2)
  13 orcs
  5 ball pythons
  3 endoplasms (D:1)
  2 giant cockroaches
  7 goblins
  5 hobgoblins
  3 jackals (D:5)
  3 bats (D:2)
  3 frilled lizards
  5 goblin zombies (Ossuary)
  4 hobgoblin zombies (Ossuary)
  8 kobolds
  2 kobold zombies (Ossuary)
  2 orc zombies (Ossuary)
  4 quokka zombies (Ossuary)
  6 rats
  6 rat zombies (Ossuary)
166 creatures vanquished.

Vanquished Creatures (others)
  A butterfly (D:5)
  42 foxfires (D:7)
  9 plants (D:7)
52 creatures vanquished.

Grand Total: 218 creatures vanquished

Notes
Turn   | Place    | Note
-------+----------+-------------------------------------------
     0 | D:1      | kipponium the Gnoll Cinder Acolyte began the quest for the
                  | Orb.
     0 | D:1      | Reached XP level 1. HP: 23/23 MP: 4/4
    90 | D:1      | Found a faded altar of an unknown god.
   278 | D:1      | Reached XP level 2. HP: 26/29 MP: 5/5
   963 | D:1      | Reached XP level 3. HP: 24/35 MP: 7/7
  1108 | D:1      | Learned a level 2 spell: Scorch
  1111 | D:2      | Noticed Jessica
  1115 | D:2      | Killed Jessica
  1116 | D:2      | Reached skill level 1 in Short Blades
  1116 | D:2      | Reached skill level 1 in Long Blades
  1116 | D:2      | Reached skill level 1 in Axes
  1116 | D:2      | Reached skill level 1 in Polearms
  1116 | D:2      | Reached skill level 1 in Staves
  1116 | D:2      | Reached skill level 1 in Slings
  1116 | D:2      | Reached skill level 1 in Bows
  1116 | D:2      | Reached skill level 1 in Crossbows
  1116 | D:2      | Reached skill level 1 in Throwing
  1116 | D:2      | Reached skill level 1 in Armour
  1116 | D:2      | Reached skill level 1 in Dodging
  1116 | D:2      | Reached skill level 1 in Stealth
  1116 | D:2      | Reached skill level 1 in Shields
  1116 | D:2      | Reached skill level 1 in Unarmed Combat
  1116 | D:2      | Reached skill level 1 in Invocations
  1116 | D:2      | Reached skill level 1 in Evocations
  1258 | D:2      | Reached XP level 4. HP: 41/41 MP: 8/8
  1994 | D:3      | Found Dayzxuvi's Book Shoppe.
  2092 | D:3      | Noticed a necrophage
  2107 | D:3      | Found Beimiaquy's Armour Boutique.
  2112 | D:3      | Killed a necrophage
  2113 | D:3      | Reached skill level 1 in Conjurations
  2113 | D:3      | Reached skill level 1 in Hexes
  2113 | D:3      | Reached skill level 1 in Summonings
  2113 | D:3      | Reached skill level 1 in Necromancy
  2113 | D:3      | Reached skill level 1 in Translocations
  2113 | D:3      | Reached skill level 1 in Transmutations
  2113 | D:3      | Reached skill level 1 in Ice Magic
  2113 | D:3      | Reached skill level 1 in Air Magic
  2113 | D:3      | Reached skill level 1 in Earth Magic
  2113 | D:3      | Reached skill level 1 in Poison Magic
  2113 | D:3      | Reached XP level 5. HP: 46/47 MP: 0/9
  2350 | D:3      | Found Belul's Antique Armour Shop.
  2368 | D:3      | Found Zori's Distillery.
  2512 | D:3      | Found Utev's Magic Scroll Boutique.
  2520 | D:3      | Bought a scroll of noise for 14 gold pieces
  2715 | D:4      | Found a hide-covered altar of Uskayaw.
  2845 | D:4      | Reached XP level 6. HP: 48/53 MP: 0/10
  3080 | D:4      | Found an ornate altar of the Wu Jian Council.
  3357 | D:4      | Noticed Natasha
  3369 | D:4      | Killed Natasha
  3401 | D:4      | Noticed Natasha
  3407 | D:4      | Killed Natasha
  3581 | D:4      | Noticed Ijyb
  3587 | D:4      | Killed Ijyb
  3890 | D:4      | Reached XP level 7. HP: 56/59 MP: 12/12
  3913 | D:4      | Noticed Blork the orc
  3919 | D:4      | Killed Blork the orc
  4160 | D:4      | Noticed Natasha
  4164 | D:4      | Killed Natasha
  4321 | D:5      | Entered Level 5 of the Dungeon
  4619 | D:5      | Found a sand-covered staircase.
  4624 | Ossuary  | Entered an ossuary
  5174 | Ossuary  | Reached XP level 8. HP: 66/67 MP: 14/14
  5374 | Ossuary  | Noticed Menkaure
  5376 | Ossuary  | Killed Menkaure
  5560 | D:5      | Found a staircase to the Ecumenical Temple.
  6196 | D:5      | Found Teophoj's Weapon Emporium.
  6645 | D:5      | Found a white marble altar of Elyvilon.
  6731 | D:5      | Learned a level 4 spell: Olgreb's Toxic Radiance
  7042 | D:6      | Reached XP level 9. HP: 72/72 MP: 9/16
  7484 | D:6      | Reached skill level 5 in Spellcasting
  7714 | D:6      | Identified the ring "Parolao" {rF++ rN+ Int+2}
  7750 | D:6      | Found a hazy altar of Hepliaklqana.
  7935 | D:6      | Noticed Prince Ribbit
  7945 | D:6      | Killed Prince Ribbit
  8781 | D:7      | Noticed a two-headed ogre
  8958 | D:7      | Reached skill level 5 in Invocations
  8963 | D:7      | Noticed a cyclops
  8964 | D:7      | Killed a two-headed ogre
  8965 | D:7      | Reached XP level 10. HP: 80/80 MP: 9/18
  9255 | D:7      | Learned a level 3 spell: Dazzling Flash
  9380 | D:7      | Reached skill level 5 in Short Blades
  9380 | D:7      | Reached skill level 5 in Long Blades
  9380 | D:7      | Reached skill level 5 in Axes
  9380 | D:7      | Reached skill level 5 in Polearms
  9380 | D:7      | Reached skill level 5 in Staves
  9380 | D:7      | Reached skill level 5 in Slings
  9380 | D:7      | Reached skill level 5 in Bows
  9380 | D:7      | Reached skill level 5 in Crossbows
  9380 | D:7      | Reached skill level 5 in Throwing
  9380 | D:7      | Reached skill level 5 in Armour
  9380 | D:7      | Reached skill level 5 in Dodging
  9380 | D:7      | Reached skill level 5 in Stealth
  9380 | D:7      | Reached skill level 5 in Shields
  9380 | D:7      | Reached skill level 5 in Unarmed Combat
  9380 | D:7      | Reached skill level 5 in Evocations
  9494 | D:7      | Found a radiant altar of Vehumet.
  9704 | D:7      | Noticed a green ugly thing
  9730 | D:7      | Killed a green ugly thing
  9736 | D:7      | HP: 1/82 [swamp worm (17)]
  9737 | D:7      | Mangled by a swamp worm

Illustrated notes

Levels and vault maps discovered:
D:1:      dpeg_arrival_rooms_a, layout_basic,
          shapermc_ecumenical_altar_mp_ritualfount
D:2:      layout_basic, uniq_jessica
D:3:      layout_basic, serial_shops, shop, nicolae_diamond_shop,
          nicolae_shop_statue_plus, nicolae_shop_statue_plus,
          nicolae_shop_advertising_works [nicolae_subvault_shop_adworks],
          kennysheep_generic_room_14
D:4:      layout_basic, mainiacjoe_overflow_alcove_2,
          mainiacjoe_overflow_brackets, grunt_ministairs_10,
          lemuel_another_geyser, uniq_natasha, uniq_ijyb, uniq_blork_the_orc
D:5:      layout_loops_ring, nicolae_elyvilon_peaceful_grove,
          minmay_temple_entry_waves, serial_glass, glass_columns_a,
          glass_columns_c, enter_ossuary_1, serial_shops,
          nicolae_shop_bloodbath_and_beyond
D:6:      layout_basic, lemuel_tele_altar, uniq_prince_ribbit1
D:7:      nzn_winding_woodlands_small [nzn_winding_woodlands_5x15_lazy_stream,
          nzn_winding_woodlands_center_lodge,
          nzn_winding_woodlands_5x15_pockets], layout_basic,
          mainiacjoe_overflow_boulevard, abandoned_shop, worms_lemuel

Skill      XL: |  1  2  3  4  5  6  7  8  9 10 |
---------------+-------------------------------+-----
Short Blades   | 1 2 3 4 5 |  5.1
Long Blades    | 1 2 3 4 5 |  5.1
Axes           | 1 2 3 4 5 |  5.1
Polearms       | 1 2 3 4 5 |  5.1
Staves         | 1 2 3 4 5 |  5.1
Slings         | 1 2 3 4 5 |  5.1
Bows           | 1 2 3 4 5 |  5.1
Crossbows      | 1 2 3 4 5 |  5.1
Throwing       | 1 2 3 4 5 |  5.1
Armour         | 1 2 3 4 5 |  5.1
Dodging        | 1 2 3 4 5 |  5.1
Stealth        | 1 2 3 4 5 |  5.1
Shields        | 1 2 3 4 5 |  5.1
Unarmed Combat | 1 2 3 4 5 |  5.1
Invocations    | 1 2 3 4 5 |  5.6
Evocations     | 1 2 3 4 5 |  5.1
Spellcasting   | 3 4 5 |  5.9
Conjurations   | 1 2 3 4 |  4.2
Hexes          | 1 2 3 4 |  4.2
Summonings     | 1 2 3 4 |  4.2
Necromancy     | 1 2 3 4 |  4.2
Translocations | 1 2 3 4 |  4.2
Transmutations | 1 2 3 4 |  4.2
Ice Magic      | 1 2 3 4 |  4.2
Air Magic      | 1 2 3 4 |  4.2
Earth Magic    | 1 2 3 4 |  4.2
Poison Magic   | 1 2 3 4 |  4.2
Fighting       | 7 8 |  8.4
Maces & Flails | 7 8 |  8.4
Fire Magic     | 6 7 |  7.0

Action                   |  1- 3 |  4- 6 |  7- 9 | 10-12 || total
-------------------------+-------+-------+-------+-------++-------
Melee: Whip              |    49 |    92 |   143 |    14 ||   298
       Bite              |     1 |     6 |    13 |     2 ||    22
       Punch             |       |       |     1 |       ||     1
Throw: Dart              |       |       |    41 |       ||    41
 Cast: Scorch            |       |    41 |   106 |    25 ||   172
Invok: Fiery Armour      |       |     1 |     1 |       ||     2
       Foxfire Swarm     |       |       |       |     2 ||     2
Evoke: Wand              |       |       |     4 |       ||     4
  Use: Scroll            |       |       |    14 |     2 ||    16
       Potion            |       |       |       |     1 ||     1
 Stab: Sleeping          |     1 |       |     9 |       ||    10
       Paralysed         |       |       |     6 |       ||     6
Armor: Robe              |     5 |    19 |    41 |     5 ||    70
Dodge: Dodged            |    24 |    55 |    85 |    19 ||   183

Table legend: (Time is in decaauts)
 A = Elapsed time spent in this place.
 B = Non-inter-level travel time spent in this place.
 C = Inter-level travel time spent in this place.
 D = Time resting spent in this place.
 E = Time spent auto-exploring this place.
 F = Levels seen in this place.
 G = Mean time per level.
                   A        B        C        D        E       F      G
               +--------+--------+--------+--------+--------+-----+--------+
         Total |   9656 |   9281 |    375 |   2902 |   4415 |   8 | 1207.0 |
       Dungeon |   8768 |   8393 |    375 |   2577 |   4415 |   7 | 1252.6 |
       Ossuary |    887 |    887 |      0 |    325 |      0 |   1 |  887.0 |
               +--------+--------+--------+--------+--------+-----+--------+

Top non-repeatable levels by time:
     D:4: 1736 daAuts
     D:5: 1641 daAuts
     D:6: 1392 daAuts
     D:7: 1304 daAuts
     D:1: 1101 daAuts
 Ossuary: 887 daAuts
     D:3: 832 daAuts
     D:2: 760 daAuts
